 Dungeon Crawl Stone Soup version 0.31.0-12-g77e489cdc1 (webtiles) character file.

Game seed: 16262652937766260127

7903 cdecastro the Fighter (level 11, -16/104 HPs)
             Began as a Yellow Draconian Shapeshifter on Feb 23, 2024.
             Was the Champion of Fedhas.
             Demolished by a death yak (19 damage)
             ... on level 9 of the Dungeon.
             The game lasted 00:23:41 (13153 turns).

cdecastro the Fighter (DrSh)                       Turns: 13153, Time: 00:23:50

Health: -16/104    AC: 11    Str: 16    XL:     11   Next: 2%
Magic:  15/16      EV: 12    Int: 12    God:    Fedhas [******]
Gold:   20         SH:  0    Dex: 18    Spells: 10/10 levels left

rFire   . . .        M - +10 dagger of Greed {pain, rN+ Dex+4 Stlth+}
rCold   . . .        (no shield)
rNeg    + . .        (body armour unavailable)
rPois   .            (helmet currently unavailable)
rElec   .            (cloak currently unavailable)
rCorr   +            (gloves currently unavailable)
SInv    +            (boots currently unavailable)
Will    .....        (no amulet)
Stlth   +++          l - ring of see invisible
HPRegen 0.37/turn    Q - +4 ring of protection
MPRegen 0.15/turn

%: no passive effects
@: beast-form, on berserk cooldown, slowed, very slow
A: beast (slay +4), spit acid, AC +7, unfitting armour, cold-blooded, acid
resistance
a: Breathe Acid, Begin Untransformation, Renounce Religion, Wall of Briars, Grow
Ballistomycete, Overgrow, Grow Oklob


You were on level 9 of the Dungeon.
You worshipped Fedhas.
Fedhas was exalted by your worship.
You were a hulking beast.
You visited 2 branches of the dungeon, and saw 10 of its levels.
You also visited: Sewer.

You collected 573 gold pieces.
You spent 553 gold pieces at shops.

Inventory:

Hand Weapons
 M - the +10 dagger of Greed (weapon) {pain, rN+ Dex+4 Stlth+}
   (You bought it in a shop on level 3 of the Dungeon)

   Dex+4:     It affects your dexterity (+4).
   rN+:       It protects you from negative energy.
   Stlth+:    It makes you more stealthy.
 X - a +3 scimitar
Missiles
 x - 11 boomerangs (quivered)
 z - 34 poisoned darts
 B - 3 silver javelins
 D - 5 javelins
 V - a curare-tipped dart
Armour
 H - a +1 cloak
Magical Staves
 P - a staff of alchemy
Jewellery
 l - a ring of see invisible (left hand)
 J - a ring of positive energy
 Q - a +4 ring of protection (right hand)
 T - a ring of protection from fire
 U - a ring of protection from cold
 Y - a ring of flight
Talismans
 b - a beast talisman
 c - a flux talisman
 F - a maw talisman
 O - a blade talisman
 R - a blade talisman
Wands
 L - a wand of polymorph (8)
 W - a wand of digging (3)
Scrolls
 d - 6 scrolls of noise
 f - 5 scrolls of teleportation
 j - 2 scrolls of revelation {unknown}
 m - 3 scrolls of blinking {unknown}
 n - 3 scrolls of fear {unknown}
 p - 3 scrolls of fog {unknown}
 q - a scroll of enchant weapon {unknown}
 s - 4 scrolls of immolation {unknown}
 v - 5 scrolls of poison
 y - a scroll of enchant armour {unknown}
 C - 2 scrolls of silence {unknown}
 G - a scroll of amnesia {unknown}
 K - 3 scrolls of vulnerability
 N - a scroll of torment {unknown}
Potions
 a - 5 potions of attraction
 g - 3 potions of curing
 h - 3 potions of enlightenment
 i - 2 potions of brilliance
 k - a potion of berserk rage
 o - 2 potions of lignification
 r - 4 potions of haste
 t - 3 potions of resistance
 u - a potion of magic
 w - a potion of invisibility
 A - 2 potions of mutation
 I - 2 potions of might
 S - a potion of heal wounds
 Z - a potion of ambrosia


   Skills:
 - Level 12.0 Fighting
 - Level 1.7 Dodging
 - Level 6.2 Unarmed Combat
 * Level 7.0 Invocations
 + Level 9.6 Shapeshifting


You had 10 spell levels left.
You didn't know any spells.
Your spell library contained the following spells:

 Spells                   Type           Power      Damage    Failure   Level
 Sting                    Conj/Alch      0%         1d3       32%         1
 Blink                    Tloc           0%         N/A       45%         2
 Lesser Beckoning         Tloc           0%         N/A       45%         2
 Mercury Vapours          Alch/Air       0%         N/A       45%         2
 Momentum Strike          Conj/Tloc      0%         3d8       45%         2
 Mephitic Cloud           Conj/Alch/Air  0%         N/A       69%         3
 Anguish                  Hex/Necr       0%         N/A       97%         4
 Animate Dead             Necr           0%         N/A       97%         4
 Cause Fear               Hex            0%         N/A       97%         4
 Leda's Liquefaction      Alch/Erth      0%         N/A       97%         4
 Olgreb's Toxic Radiance  Alch           0%         N/A       97%         4
 Borgnjor's Vile Clutch   Necr/Erth      0%         N/A       100%        5
 Freezing Cloud           Conj/Ice/Air   0%         6-21      100%        5
 Lee's Rapid Deconstruct  Erth           0%         3d4*      100%        5
 Bombard                  Conj/Erth      0%         9d1       100%        6
 Death Channel            Necr           0%         N/A       100%        6
 Enfeeble                 Hex            0%         N/A       100%        7


Dungeon Overview and Level Annotations

Branches:
Dungeon (9/15)             Temple (1/1) D:6            Lair (0/5) D:9
  Sewer (visited)
    Orc: D:9-12

Altars:
Ashenzari
Cheibriados
Dithmenos
Elyvilon
Fedhas
Gozag
Hepliaklqana
Kikubaaqudgha
Makhleb
Nemelex Xobeh
Okawaru
Qazlal
Sif Muna
Trog
Uskayaw
Vehumet
Wu Jian
Xom
Yredelemnul
Zin
The Shining One

Shops:
D:3 *!(((


Innate Abilities, Weirdness & Mutations

You are a hulking beast.
Your limbs bulge with bestial killing power. (Slay +4)
You can spit globs of acid.
Your golden yellow scales are hard. (AC +7)
You cannot fit into any form of body armour.
You are cold-blooded and may be slowed by cold attacks.
You are resistant to acid. (rCorr)


Message History

Your punch misses the death yak.
The death yak is moderately wounded.
The death yak gores you!
* * * LOW HITPOINT WARNING * * *
You puncture the death yak!
The death yak is moderately wounded.
You hit the death yak.
The death yak is heavily wounded.
The death yak barely misses you.
You hit the death yak.
The death yak is heavily wounded.
The death yak barely misses you.
You hit the death yak but do no damage.
The death yak is heavily wounded.
You hit the death yak but do no damage.
Your tail-slap misses the death yak.
The death yak is heavily wounded.
The death yak gores you.
* * * LOW HITPOINT WARNING * * *
You impale the death yak!!
The death yak is severely wounded.
The death yak gores you!
* * * LOW HITPOINT WARNING * * *
You hit the death yak but do no damage.
The death yak is severely wounded.
You barely miss the death yak.
The death yak is severely wounded.
You are no longer berserk.
You are exhausted.
You feel yourself slow down. The death yak gores you!!
* * * LOW HITPOINT WARNING * * *
You puncture the death yak!
The death yak is almost dead.
The death yak gores you but does no damage.
You puncture the death yak!
The death yak is almost dead.
The death yak gores you!!
* * * LOW HITPOINT WARNING * * *
The death yak gores you!!
You die...
Fedhas appreciates your contribution to the ecosystem.

.##.#.####.#.#....PP..PP.#
.##.#......#.####..P..PP.########
.##.########Y# #..P..PP........)
.##.....Y....## #..P..PP..#######
.####.........# #..PP..PP.##
.####.........# #.(.P..PP.[#
.#............# #.#.PP..PP.#
.#.##.........###....PP..P.#
.#.####.###...YYh.._.PP..P.# .#.#
#.# #.#####....PP..P.# .#.# #>#
#.# ###.PP..PP.# .#.# #.###.#
#.PP..P..###### .#.# #.[...#
#.P..PP..#..... .#.# #######
#........#.#### .#.#
###..###.#.#... .#.#
##.###.#.#... .#.# #†....#.####


You could see a death yak and a yak.

Vanquished Creatures
  3 death yaks (D:9)
  Psyche (D:9)
  A troll (D:9)
  Sigmund (D:2)
  2 wraiths (D:9)
  5 yaks (D:9)
  2 steam dragons
  An acid dragon (D:7)
  2 orc warriors (D:8)
  A water moccasin (D:5)
  A sky beast (D:7)
  2 black bears
  4 ice beasts
  An ogre (D:5)
  4 centaurs
  2 phantoms
  3 kobold brigands
  3 scorpions
  4 bullfrogs
  2 gnoll sergeants
  6 wights (D:8)
  12 killer bees (D:9)
  5 howler monkeys
  A quasit (D:4)
  3 orc priests
  2 hounds (D:5)
  3 iguanas
  9 orc wizards
  The ghost of aheadsounds the Sneak, a weakling FeDe of Zin (D:5)
  11 gnolls
  9 adders
  6 river rats (Sewer)
  3 shadow imps
  6 white imps
  3 ufetubi (D:4)
  3 ribbon worms
  2 dart slugs
  30 orcs
  6 endoplasms
  5 giant cockroaches
  3 goblins
  3 hobgoblins
  37 kobolds
  6 quokkas
  20 ball pythons
  7 bats
  11 frilled lizards
  25 rats
283 creatures vanquished.

Notes
Turn   | Place    | Note
-------+----------+-------------------------------------------
     0 | D:1      | cdecastro the Draconian Shapeshifter began the quest for
                  | the Orb.
     0 | D:1      | Reached XP level 1. HP: 16/16 MP: 1/1
   112 | D:1      | Found a faded altar of an unknown god.
   134 | D:1      | Prayed at the altar of an unknown god.
   134 | D:1      | Became a worshipper of Fedhas Madash
   134 | D:1      | Reached * piety under Fedhas
   309 | D:1      | Reached XP level 2. HP: 23/23 MP: 2/2
  1010 | D:2      | Reached XP level 3. HP: 28/28 MP: 3/3
  1097 | D:2      | Reached ** piety under Fedhas
  1232 | D:2      | Noticed Sigmund
  1391 | D:2      | Killed Sigmund
  1392 | D:2      | Reached skill level 5 in Unarmed Combat
  1392 | D:2      | Reached XP level 4. HP: 7/35 MP: 4/4
  1392 | D:2      | Reached XP level 5. HP: 8/40 MP: 5/5
  1985 | D:3      | Found a white marble altar of Elyvilon.
  2042 | D:3      | Found a glowing drain.
  2046 | Sewer    | Entered a sewer
  2326 | Sewer    | Reached XP level 6. HP: 28/47 MP: 6/6
  2341 | Sewer    | Reached *** piety under Fedhas
  3045 | D:3      | Found Coniuzo's Antique Weapon Boutique.
  3373 | D:3      | Found Baugus's Assorted Antiques.
  3395 | D:3      | Reached **** piety under Fedhas
  3653 | D:3      | Found Cul Rer's Distillery.
  3687 | D:3      | Found Zazion's Antique Weapon Shoppe.
  3732 | D:3      | Found Qaoc's Antique Weapon Shop.
  4119 | D:4      | Reached skill level 2 in Fighting
  4132 | D:4      | Your scales start taking on a golden yellow colour.
  4132 | D:4      | Reached XP level 7. HP: 50/56 MP: 7/7
  4132 | D:4      | Gained mutation: You are resistant to acid. (rCorr) [Yellow
                  | Draconian growth]
  4499 | D:4      | Reached skill level 3 in Fighting
  4644 | D:4      | Reached skill level 5 in Shapeshifting
  4749 | D:4      | Reached skill level 4 in Fighting
  5098 | D:5      | Entered Level 5 of the Dungeon
  5232 | D:5      | Reached skill level 5 in Fighting
  5364 | D:5      | Reached ***** piety under Fedhas
  5365 | D:5      | Reached XP level 8. HP: 58/70 MP: 8/8
  5443 | D:5      | Found a runed translucent door.
  5443 | D:5      | Noticed aheadsounds's ghost (weakling FeDe)
  5475 | D:5      | Reached skill level 6 in Fighting
  6175 | D:5      | Reached skill level 7 in Fighting
  6615 | D:5      | Killed aheadsounds's ghost
  6726 | D:6      | Reached skill level 8 in Fighting
  7076 | D:3      | Bought an ichor-stained battleaxe for 264 gold pieces
  7076 | D:3      | Identified the +2 battleaxe of Dithmenos's Favour {flame,
                  | rPois Will+++ Str-3 SInv} (You bought it in a shop on level
                  | 3 of the Dungeon)
  7101 | D:3      | Bought a shimmering dagger for 147 gold pieces
  7101 | D:3      | Identified the +10 dagger of Greed {pain, rN+ Dex+4 Stlth+}
                  | (You bought it in a shop on level 3 of the Dungeon)
  7600 | D:6      | Reached XP level 9. HP: 75/82 MP: 9/9
  7866 | D:6      | Found a staircase to the Ecumenical Temple.
  7894 | Temple   | Entered the Ecumenical Temple
  8046 | D:7      | Found an opulent altar of Gozag.
  8131 | D:7      | Reached skill level 9 in Fighting
  9098 | D:8      | Reached skill level 10 in Fighting
  9867 | D:8      | Reached skill level 11 in Fighting
  9951 | D:8      | Reached ****** piety under Fedhas
 10374 | D:9      | Found a hide-covered altar of Uskayaw.
 10382 | D:9      | Reached XP level 10. HP: 95/96 MP: 10/10
 10387 | D:9      | Found a glowing silver altar of Zin.
 10495 | D:9      | Noticed a death yak
 10537 | D:9      | Killed a death yak
 10538 | D:9      | Reached skill level 12 in Fighting
 10835 | D:9      | Found a staircase to the Lair.
 10839 | D:9      | Noticed a death yak
 10848 | D:9      | Noticed a death yak
 10850 | D:9      | Noticed a death yak
 10868 | D:9      | Noticed a death yak
 11124 | D:9      | Noticed Psyche
 11138 | D:9      | Killed Psyche
 11139 | D:9      | Reached skill level 1 in Invocations
 11971 | D:9      | Reached skill level 5 in Invocations
 12726 | D:3      | Bought a clear potion for 18 gold pieces
 12726 | D:3      | Bought a coppery potion for 18 gold pieces
 12726 | D:3      | Bought a yellow potion for 18 gold pieces
 12819 | D:3      | Bought a potion of curing for 33 gold pieces
 12819 | D:3      | Bought a potion of enlightenment for 55 gold pieces
 13136 | D:9      | Killed a death yak
 13141 | D:9      | Killed a death yak
 13142 | D:9      | Reached XP level 11. HP: 97/104 MP: 14/16
 13153 | D:9      | HP: 3/104 [death yak (18)]
 13153 | D:9      | Demolished by a death yak

Illustrated notes

Levels and vault maps discovered:
D:1:      lightli_arrival_lavapool, layout_loops_cross,
          ebering_ecumenical_altar_sacrificial
D:2:      layout_basic, minivault_4, chequers_serial_rivers_small_3,
          corexii_leaking_fountain, minmay_pentomino_u4, uniq_sigmund
D:3:      layout_loops_corners, nicolae_elyvilon_peaceful_grove,
          mainiacjoe_sewer_entry_somewhere_in_here_1, serial_shops, shop,
          nicolae_diamond_shop, shop, nicolae_lakefront_shop, shop
D:4:      layout_cave_pods, serial_demonic, serial_demonic_b, serial_demonic_b,
          serial_demonic_c, serial_demonic_d, nrook_mini_vaults,
          grunt_ministairs_9, hangedman_decor_riveting
D:5:      minmay_octagon_keep, layout_loops_ring,
          hellmonk_ghost_happy_afterlife, minivault_14
D:6:      layout_loops_cross, lemuel_temple_firewalk_a
D:7:      layout_rooms, kennysheep_little_box, serial_aquarium,
          aquarium_bridge_square [aquarium_subvault_bridge,
          aquarium_subvault_bridge, aquarium_subvault_balcony,
          aquarium_subvault_wall], aquarium_window_fake,
          aquarium_window_corridor_1, aquarium_view_2d, aquarium_pool_corner
D:8:      layout_loops_corners
D:9:      layout_basic, mainiacjoe_overflow_catch_the_wave, dpeg_lair_monsters,
          corner_web_ring, uniq_psyche
Temple:   nicolae_temple_bog_church

Skill      XL: |  1  2  3  4  5  6  7  8  9 10 |
---------------+-------------------------------+-----
Unarmed Combat | 5 6 |  6.2
Shapeshifting  | 4 5 6 8 9 |  9.6
Fighting       | 2 5 8 11 12 | 12.0
Invocations    | 7 |  7.0
Dodging        | |  1.7

Action                     |  1- 3 |  4- 6 |  7- 9 | 10-12 || total
---------------------------+-------+-------+-------+-------++-------
  Melee: Unarmed           |    95 |   219 |   172 |       ||   486
         Tailslap          |     7 |    25 |    58 |    28 ||   118
         Punch             |     2 |     3 |    19 |     8 ||    32
         Dagger            |       |       |   180 |   175 ||   355
  Throw: Boomerang         |       |       |       |     1 ||     1
 Invoke: Wall of Briars    |       |       |       |     1 ||     1
Ability: Breathe Acid      |       |       |     7 |     1 ||     8
    Use: Potion            |     1 |       |       |     2 ||     3
         Scroll            |       |       |       |    17 ||    17
   Stab: Sleeping          |       |     2 |     1 |       ||     3
 Armour: Skin              |    50 |    99 |   249 |   139 ||   537
  Dodge: Dodged            |    74 |   121 |   194 |    80 ||   469
